 Dungeon Crawl Stone Soup version 0.19.1-1-g22dce08 (webtiles) character file.

7 Joat the Caller (level 1, 0/17 HPs)
             Began as a Draconian Summoner on Jan 16, 2017.
             Slain by a kobold
             ... wielding a +0 short sword
              (4 damage)
             ... on level 1 of the Dungeon.
             The game lasted 00:03:08 (229 turns).

Joat the Caller (Draconian Summoner)                 Turns: 229, Time: 00:03:08

Health: 0/17       AC:  4    Str: 10    XL:     1   Next: 83%
Magic:  3/3        EV: 11    Int: 15    God:
Gold:   15         SH:  3    Dex: 11    Spells: 1 memorised, 3 levels left

rFire  . . .     SeeInvis .     h - +0 hand axe
rCold  . . .     Gourm    .     (armour unavailable)
rNeg   . . .     Faith    .     (no shield)
rPois  .         Spirit   .     (helmet restricted)
rElec  .         Reflect  +     (no cloak)
rCorr  .         Harm     .     (no gloves)
MR     .....                    (no boots)
Stlth  +.........               f - +3 amulet of reflection
                                (no ring)
                                (no ring)

@: heavily drained
A: unfitting armour, cold-blooded, AC +4
a: no special abilities


You were on level 1 of the Dungeon.
You were not hungry.

You visited 1 branch of the dungeon, and saw 1 of its levels.

You collected 15 gold pieces.

Inventory:

Hand Weapons
 h - a +0 hand axe (weapon)
Jewellery
 f - a +3 amulet of reflection (around neck)
Scrolls
 c - 2 scrolls of identify {unknown}
 e - a scroll of random uselessness {unknown}
 g - a scroll of magic mapping {unknown}
 i - a scroll of teleportation {unknown}
Books
 a - a book of Callings

   Spells                             Type                      Level
   a - Summon Small Mammal            Summoning                    1
   b - Call Imp                       Summoning                    2
   c - Call Canine Familiar           Summoning                    3
   d - Summon Guardian Golem          Hexes/Summoning              3
   e - Summon Lightning Spire         Summoning/Air                4
   f - Summon Ice Beast               Ice/Summoning                4
Comestibles
 b - 2 bread rations
 d - 2 chunks of flesh


   Skills:
 + Level 1.6(0.1) Fighting
 - Level 1.7(0.2) Dodging
 - Level 1.7(0.2) Stealth
 - Level 2.0(0.4) Spellcasting
 - Level 4.0(2.3) Summonings


You had 3 spell levels left.
You knew the following spells:

 Your Spells              Type           Power        Failure   Level  Hunger
a - Summon Small Mammal   Summ           #...         12%         1    ##.....


Dungeon Overview and Level Annotations

Branches:
Dungeon (1/15)

Altars:


Innate Abilities, Weirdness & Mutations

Your plain brown scales are hard. (AC +4)
You cannot fit into any form of body armour.
You are cold-blooded and may be slowed by cold attacks.


Message History

The kobold hits you but does no damage. The hobgoblin misses you.
You closely miss the hobgoblin.
The hobgoblin is lightly wounded.
You hit the kobold. The kobold hits you with a short sword.
The hobgoblin hits you but does no damage.
You barely miss the hobgoblin.
The hobgoblin is lightly wounded.
You closely miss the kobold. The kobold hits you with a short sword.
* * * LOW HITPOINT WARNING * * *
The hobgoblin closely misses you. The kobold closely misses you.
You hit the hobgoblin. You tail-slap the hobgoblin.
The hobgoblin is almost dead.
You closely miss the kobold. The hobgoblin misses you.
You block the kobold's attack.
You hit the hobgoblin but do no damage.
The hobgoblin is severely wounded.
You hit the kobold.
The hobgoblin hits you but does no damage.
The kobold hits you with a short sword.
You die...

.... ..... ......
...... ......
#########......
........g......
.......@K.#
.......(..#
..........#
........>.#
..........#######
#####...........#
#.....?.....#
#...........#
#...........#


You could see a hobgoblin and a kobold.

Vanquished Creatures
  2 bats (D:1)
  A jackal (D:1)
  2 kobolds (D:1)
5 creatures vanquished.

Vanquished Creatures (collateral kills)
  A jackal (D:1)
  A bat (D:1)
2 creatures vanquished.

Grand Total: 7 creatures vanquished

Notes
Turn   | Place    | Note
-------+----------+-------------------------------------------
     0 | D:1      | Joat the Draconian Summoner began the quest for the Orb.
     0 | D:1      | Reached XP level 1. HP: 14/14 MP: 3/3
    40 | D:1      | Reached skill level 1 in Fighting
   229 | D:1      | Slain by a kobold

Skill      XL: |  1 |
---------------+----+-----
Fighting       | 1 |  1.6
Dodging        | |  1.7
Stealth        | |  1.7
Spellcasting   | |  2.0
Summonings     | |  4.0

Action                   || total
-------------------------++-------
Melee: Hand axe          ||    13
       Unarmed           ||    11
       Tailslap          ||     3
 Cast: Summon Small Mamm ||     3
Armor: Skin              ||    18
Dodge: Dodged            ||    39
Block: Other             ||     3
